 Dungeon Crawl Stone Soup version 0.31.0-12-g77e489cdc1 (webtiles) character file.

Game seed: 3606612259910504494

105 Gadfly the Insei (level 4, -1/35 HPs)
             Began as a Demonspawn Monk on Feb 11, 2024.
             Slain by Terence
             ... wielding a +0 morningstar
              (13 damage)
             ... on level 3 of the Dungeon.
             The game lasted 00:02:42 (2174 turns).

Gadfly the Insei (Demonspawn Monk)                  Turns: 2174, Time: 00:02:43

Health: -1/35      AC:  3    Str: 13    XL:     4   Next: 53%
Magic:  4/4        EV: 16    Int: 10    God:
Gold:   96         SH:  0    Dex: 16    Spells: 3/3 levels left

rFire   . .          .
                       - Unarmed
rCold   . . .        c - orb {light}
rNeg    + . .        a - +0 robe
rPois   .            g - +0 helmet
rElec   .            (no cloak)
rCorr   .            (no gloves)
SInv    .            (no boots)
Will    .....        (no amulet)
Stlth   +            m - ring of positive energy
HPRegen 0.25/turn    (no ring)
MPRegen 0.09/turn

%: no passive effects
@: glowing
A: repulsion field 2, demonic guardian 1
a: no special abilities


You were on level 3 of the Dungeon.
You visited 1 branch of the dungeon, and saw 3 of its levels.

You collected 96 gold pieces.

Inventory:

Hand Weapons
 e - a +2 dagger of holy wrath
 n - a +0 spear of freezing
Armour
 a - a +0 robe (worn)
 c - an orb of light (worn)
 g - a +0 helmet (worn)
Jewellery
 m - a ring of positive energy (left hand)
Scrolls
 h - a scroll of teleportation
 j - a scroll of fear
 k - a scroll of identify
Potions
 b - a potion of ambrosia
 d - a potion of curing {unknown}
 f - a potion of berserk rage
 i - 2 potions of heal wounds
 l - a potion of resistance {unknown}
 o - 2 potions of might {unknown}


   Skills:
 - Level 3.0 Fighting
 + Level 3.1 Dodging
 * Level 3.4 Unarmed Combat
 * Level 2.0 Evocations
 * Level 1.5 Shapeshifting


You had 3 spell levels left.
You didn't know any spells.
Your spell library contained the following spells:

 Spells                   Type           Power      Damage    Failure   Level
 Searing Ray              Conj           0%         2d4       50%         2
 Dazzling Flash           Conj/Hex       0%         N/A       75%         3
 Summon Ice Beast         Ice/Summ       0%         N/A       75%         3
 Fulminant Prism          Conj/Alch      0%         3d5       98%         4


Dungeon Overview and Level Annotations

Branches:
Dungeon (3/15)

Altars:

Shops:
D:2 =

Annotations:
D:3 Terence


Innate Abilities, Weirdness & Mutations

You are surrounded by a moderate repulsion field. (EV +3)
A weak demonic guardian rushes to your aid.


Message History

You hit the adder.
You kill the adder!
No target in view!
No target in view!
No target in view!
No target in view!
No target in view!
No target in view!
No target in view!
No target in view!
No target in view!
No target in view!
No target in view!
No target in view!
You start resting.
HP restored.
You climb downwards.
Level annotation: Terence
There is a stone staircase leading up here.
Terence zaps a wand.
The puff of flame hits you!
A demonic guardian appears!
You hit Terence.
Terence is lightly wounded.
Terence hits you with a +0 morningstar!
You hit Terence.
Terence is moderately wounded.
Terence says, "How do you enjoy it?" Terence closely misses you.
You barely miss Terence.
Terence is moderately wounded.
Terence zaps a wand.
The puff of flame hits you!
You are too injured to fight recklessly!
You are too injured to fight recklessly!
You are too injured to fight recklessly!
Your shadow imp hits Terence.
There is a stone staircase leading up here.
You completely miss Terence.
Terence is heavily wounded.
Your shadow imp hits Terence.
Terence hits you with a +0 morningstar!
You die...
Terence says, "Time to find some more victims."

###### #....####
##########
#.......####.........
#.......#....########
#.........####
#...5...### #...@...#
#...@#### #....#
........# .###....#
######


You could see Terence (ally target) and a friendly shadow imp (summoned).

Vanquished Creatures
  Jessica (D:2)
  3 adders (D:2)
  A dart slug (D:1)
  An orc (D:2)
  3 ball pythons (D:1)
  4 bats
  5 endoplasms
  8 goblins
  2 hobgoblins (D:1)
  4 jackals
  A kobold (D:1)
  3 quokkas (D:2)
  3 frilled lizards
  4 rats (D:1)
43 creatures vanquished.

Vanquished Creatures (collateral kills)
  An endoplasm (D:1)
1 creature vanquished.

Grand Total: 44 creatures vanquished

Notes
Turn   | Place    | Note
-------+----------+-------------------------------------------
     0 | D:1      | Gadfly the Demonspawn Monk began the quest for the Orb.
     0 | D:1      | Reached XP level 1. HP: 18/18 MP: 1/1
    87 | D:1      | Gained mutation: A weak demonic guardian rushes to your
                  | aid. [demonic ancestry]
    87 | D:1      | Reached XP level 2. HP: 22/24 MP: 2/2
   254 | D:1      | Got the Folio of Limned Command
   297 | D:1      | Reached skill level 1 in Evocations
   473 | D:1      | Gained mutation: You are surrounded by a mild repulsion
                  | field. (EV +2) [demonic ancestry]
   473 | D:1      | Reached XP level 3. HP: 24/29 MP: 3/3
   973 | D:2      | Reached skill level 1 in Shapeshifting
  1295 | D:2      | Found Hiront's Jewellery Boutique.
  1656 | D:2      | Noticed Jessica
  1659 | D:2      | Killed Jessica
  1660 | D:2      | Gained mutation: You are surrounded by a moderate repulsion
                  | field. (EV +3) [demonic ancestry]
  1660 | D:2      | Reached XP level 4. HP: 29/35 MP: 4/4
  2018 | D:3      | Noticed Terence
  2174 | D:3      | Slain by Terence

Illustrated notes

Levels and vault maps discovered:
D:1:      saegor_arrival_simple_e, layout_loops_ring
D:2:      layout_basic, serial_shops, shop, uniq_jessica
D:3:      layout_rooms, nrook_mini_vaults, minmay_misc_feat_more_columns,
          uniq_terence

Skill      XL: |  1  2  3  4 |
---------------+-------------+-----
Unarmed Combat | 3 |  3.4
Evocations     | 1 2 |  2.0
Shapeshifting  | 1 |  1.5
Dodging        | 3 |  3.1
Fighting       | |  3.0

Action                     |  1- 3 |  4- 6 || total
---------------------------+-------+-------++-------
  Melee: Unarmed           |   121 |    25 ||   146
    Use: Scroll            |     6 |     2 ||     8
         Potion            |     2 |     1 ||     3
 Armour: Robe              |    43 |    18 ||    61
  Dodge: Dodged            |    74 |    27 ||   101
